 Dungeon Crawl Stone Soup version 0.28-a0-973-ga7f8b01127 (webtiles) character file.

Game seed: 4624697632742360999

291 siradein the Shooter (level 6, 0/48 HPs)
             Began as a Demonspawn Hunter on Dec 2, 2021.
             Slain by an adder (1 damage)
             ... in a sewer.
             The game lasted 00:08:08 (4873 turns).

siradein the Shooter (Demonspawn Hunter)            Turns: 4873, Time: 00:08:08

Health: 0/48       AC:  8    Str: 15    XL:     6   Next: 10%
Magic:  6/6        EV: 12    Int: 12    God:
Gold:   101        SH:  0    Dex: 13    Spells: 5/5 levels left

rFire   . . .      SeeInvis .   b - +4 longbow (flame)
rCold   . . .      Faith    .   (shield currently unavailable)
rNeg    . . .      Spirit   .   c - +0 leather armour
rPois   .          Reflect  .   p - +0 helmet
rElec   .          Harm     .   (no cloak)
rCorr   .          Rampage  .   (no gloves)
Will    .....                   k - +0 pair of boots
Stlth   +.........              (no amulet)
HPRegen 0.16/turn               (no ring)
MPRegen 0.20/turn               (no ring)

@: no status effects
A: claws 2, thin metallic scales 2, magic regeneration
a: no special abilities


You were in a sewer.
You visited 1 branch of the dungeon, and saw 3 of its levels.
You also visited: Sewer.

You collected 101 gold pieces.

Inventory:

Hand Weapons
 b - a +4 longbow of flaming (weapon)
 f - a +0 spear
Missiles
 d - 7 arrows (quivered ammo)
 j - a throwing net
Armour
 c - a +0 leather armour (worn)
 k - a +0 pair of boots (worn)
 p - a +0 helmet (worn)
Wands
 q - a wand of flame (11)
Scrolls
 a - a scroll of noise {unknown}
 o - a scroll of identify {unknown}
 r - a scroll of fog {unknown}
 u - a scroll of brand weapon {unknown}
 v - a scroll of enchant armour {unknown}
 w - a scroll of blinking {unknown}
 x - a scroll of magic mapping
Potions
 e - a potion of experience {unknown}
 g - a potion of might {unknown}
 h - a potion of magic {unknown}
 l - a potion of attraction {unknown}
 m - a potion of mutation {unknown}
 n - a potion of resistance {unknown}
 s - a potion of brilliance {unknown}
 t - a potion of flight {unknown}


   Skills:
 + Level 4.0 Fighting
 + Level 4.9 Bows
 + Level 3.6 Dodging
 - Level 0.8 Stealth


You had 5 spell levels left.
You didn't know any spells.
Your spell library was empty.

Dungeon Overview and Level Annotations

Branches:
Dungeon (3/15)              Sewer (1/1)

Altars:
Qazlal
Ru
Uskayaw


Innate Abilities, Weirdness & Mutations

You have very sharp fingernails.
You are mostly covered in thin metallic scales. (AC +3)
You regenerate magic rapidly.


Message History

You escape the ball python's grasp.
You feel sick.
You are no longer poisoned.
The bullfrog snags a nearby blue-tailed skink with its tongue.
The adder barely misses you.
The bullfrog hits you but does no damage.
The bullfrog hits you.
* * * LOW HITPOINT WARNING * * *
The bullfrog misses you. The bullfrog closely misses you.
The bullfrog hits you.
* * * LOW HITPOINT WARNING * * *
The adder misses you.
Your +4 longbow of flaming bursts into flame!
b - a +4 longbow of flaming (weapon)
The bullfrog barely misses you.
Fire: 10 arrows
Press: ? - help, Q - select action, (/) - cycle Shift-Dir - straight line, f - bullfrog
Aim: a bullfrog (58% to hit)
You shoot an arrow. The arrow hits the bullfrog!
The arrow burns the bullfrog.
The bullfrog is heavily wounded.
The bullfrog hits you.
* * * LOW HITPOINT WARNING * * *
The bullfrog misses you. The bullfrog hits you.
* * * LOW HITPOINT WARNING * * *
The bullfrog misses you.
Fire: 9 arrows
Press: ? - help, Q - select action, (/) - cycle Shift-Dir - straight line, f/p - bullfrog
Aim: a bullfrog (heavily wounded, 58% to hit)
You shoot an arrow. The arrow closely misses the bullfrog.
The bullfrog hits you but does no damage. x2
The bullfrog barely misses you.
The bullfrog hits you but does no damage.
The bullfrog closely misses you.
Fire: 8 arrows
Press: ? - help, Q - select action, (/) - cycle Shift-Dir - straight line, f/p - bullfrog
Aim: a bullfrog (heavily wounded, 58% to hit)
You shoot an arrow. The arrow hits the bullfrog.
The arrow burns the bullfrog.
The bullfrog is severely wounded.
The bullfrog closely misses you. The adder bites you.
You die...

≈≈≈≈≈≈≈≈≈≈≈≈≈J....#
≈≈≈≈≈≈≈≈≈≈≈≈≈l....##
≈≈≈≈≈≈≈≈≈≈l≈≈......#
###############....#
####...## #..#...(#
#..'....# #####F..#
##@FS##
###############.SS.#
≈≈≈≈≈≈≈≈≈≈≈≈≈#.....#
≈≈≈≈≈...≈≈≈≈≈≈....##
≈≈≈≈≈≈.≈≈≈≈≈≈≈....#
≈≈≈≈≈≈[†≈≈≈≈≈≈....#
≈≈≈≈≈≈..≈≈≈≈≈≈...##
≈≈≈≈≈≈.#≈≈≈≈≈#.###
################


You could see 2 bullfrogs, an adder and 2 ball pythons.

Vanquished Creatures
  A bullfrog (D:3)
  Robin (D:3)
  6 river rats (Sewer)
  7 adders
  4 dart slugs
  3 orcs (D:3)
  5 bats
  3 endoplasms
  A giant cockroach (D:1)
  14 goblins
  3 hobgoblins (D:3)
  4 jackals (D:1)
  4 kobolds
  A quokka (D:2)
  9 ball pythons
  4 frilled lizards
  25 rats
95 creatures vanquished.

Vanquished Creatures (others)
  2 fungi (D:3)
  23 plants (D:3)
25 creatures vanquished.

Grand Total: 120 creatures vanquished

Notes
Turn   | Place    | Note
-------+----------+-------------------------------------------
     0 | D:1      | siradein the Demonspawn Hunter began the quest for the Orb.
     0 | D:1      | Reached XP level 1. HP: 16/16 MP: 1/1
   789 | D:1      | Gained mutation: You regenerate magic rapidly. [demonic
                  | ancestry]
   789 | D:1      | Reached XP level 2. HP: 10/22 MP: 2/2
  1703 | D:2      | Gained mutation: You have sharp fingernails. [demonic
                  | ancestry]
  1703 | D:2      | Reached XP level 3. HP: 27/28 MP: 3/3
  1745 | D:2      | Found a sacrificial altar of Ru.
  2471 | D:3      | Found a hide-covered altar of Uskayaw.
  2479 | D:3      | Noticed a bullfrog
  2519 | D:3      | Killed a bullfrog
  2520 | D:3      | Gained mutation: You are partially covered in thin metallic
                  | scales. (AC +2) [demonic ancestry]
  2520 | D:3      | Reached XP level 4. HP: 28/35 MP: 4/4
  2554 | D:3      | Found a faded altar of an unknown god.
  2673 | D:3      | Found a stormy altar of Qazlal.
  2745 | D:3      | Identified a scroll of acquirement
  2745 | D:3      | Acquired a +4 longbow of flaming
  2753 | D:3      | Gained mutation: You have very sharp fingernails. [demonic
                  | ancestry]
  2753 | D:3      | Reached XP level 5. HP: 25/41 MP: 5/5
  2782 | D:3      | Noticed Robin
  2814 | D:3      | Killed Robin
  2818 | D:3      | HP: 2/41 [hobgoblin[Robin] (4)]
  2906 | D:3      | Found a glowing drain.
  2980 | Sewer    | Entered a sewer
  4596 | Sewer    | Gained mutation: You are mostly covered in thin metallic
                  | scales. (AC +3) [demonic ancestry]
  4596 | Sewer    | Reached XP level 6. HP: 37/48 MP: 6/6
  4871 | Sewer    | HP: 1/48 [bullfrog (5)]
  4873 | Sewer    | Slain by an adder

Illustrated notes

Levels and vault maps discovered:
D:1:      minmay_arrival_solitary_statue, layout_loops_ring, serial_rivers,
          chequers_serial_rivers_small_b, chequers_serial_rivers_micro_b,
          chequers_serial_rivers_large_b, chequers_serial_rivers_room_b,
          chequers_serial_rivers_micro_b, minmay_pentomino_q4
D:2:      layout_loops_cross, basic_altar, roderic_lattice_a
D:3:      cheibrodos_greedy_goblins, layout_rooms, grunt_qazlal_sundering,
          nicolae_overflow_crystal_walls, nicolae_overflow_hidden_temple,
          shapermc_ecumenical_altar_rom_forum, cheibrodos_sewer_entry_bend,
          serial_bayou_lagoon_a, grunt_ministairs_2, uniq_grinder, uniq_robin
Sewer:    sewer_minmay_w

Skill      XL: |  1  2  3  4  5  6 |
---------------+-------------------+-----
Dodging        | 2 3 |  3.6
Bows           | 4 |  4.9
Fighting       | 3 4 |  4.0
Stealth        | |  0.8

Action                   |  1- 3 |  4- 6 || total
-------------------------+-------+-------++-------
Melee: Short sword       |    20 |       ||    20
       Spear             |   123 |   245 ||   368
 Fire: Shortbow          |     4 |       ||     4
       Longbow           |       |    28 ||    28
  Use: Potion            |     1 |     1 ||     2
       Scroll            |       |     4 ||     4
 Stab: Sleeping          |     3 |       ||     3
Armor: Leather armour    |    36 |   161 ||   197
Dodge: Dodged            |    93 |   263 ||   356

Table legend: (Time is in decaauts)
 A = Elapsed time spent in this place.
 B = Non-inter-level travel time spent in this place.
 C = Inter-level travel time spent in this place.
 D = Time resting spent in this place.
 E = Time spent auto-exploring this place.
 F = Levels seen in this place.
 G = Mean time per level.
                   A        B        C        D        E       F      G
               +--------+--------+--------+--------+--------+-----+--------+
         Total |   5095 |   5072 |     23 |    152 |   3589 |   4 | 1273.8 |
       Dungeon |   3042 |   3019 |     23 |     79 |   2142 |   3 | 1014.0 |
         Sewer |   2053 |   2053 |      0 |     73 |   1447 |   1 | 2053.0 |
               +--------+--------+--------+--------+--------+-----+--------+

Top non-repeatable levels by time:
   Sewer: 2053 daAuts
     D:1: 1666 daAuts
     D:2: 847 daAuts
     D:3: 527 daAuts
